[ PARTIDA AOE2 · #460342445 ]
UnrankedHunos vs Persians
[ ANÁLISIS DE REPETICIÓN · EXTRAÍDO DE LA PARTIDA GRABADA ]
Feudal
13:24
Castillos
18:26
Imperial
32:28
| APM promedio | 12.0 |
| APM pico | 41 |
| eAPM promedio | 7.0 |
| Aldeanos / militares | 51 / 39 |
Foco
⚔️ 30.9% · 🌾 69.1%
Fishing Ship ×35 · Tarkan ×21 · Cavalry Archer ×17 · Trade Cog ×15 · Unknown (2626) ×8 · Unknown (1795) ×3
Feudal
9:16
Castillos
14:31
Imperial
38:11
| APM promedio | 26.4 |
| APM pico | 63 |
| eAPM promedio | 17.0 |
| Aldeanos / militares | 162 / 184 |
Foco
⚔️ 30.7% · 🌾 69.3%
Knight ×183 · Fishing Ship ×11 · Monk ×1
Feudal
11:47
Castillos
15:17
Imperial
35:59
| APM promedio | 19.4 |
| APM pico | 46 |
| eAPM promedio | 13.3 |
| Aldeanos / militares | 101 / 164 |
Foco
⚔️ 36.8% · 🌾 63.2%
Archer ×102 · Fishing Ship ×29 · Spearman ×25 · Unknown (2586) ×25 · Petard ×15 · Skirmisher ×15
Feudal
13:41
Castillos
17:53
Imperial
—
| APM promedio | 17.9 |
| APM pico | 40 |
| eAPM promedio | 12.9 |
| Aldeanos / militares | 54 / 72 |
Foco
⚔️ 51.0% · 🌾 49.0%
Conquistador ×58 · Scout Cavalry ×13 · Monk ×1
Feudal
15:34
Castillos
22:21
Imperial
38:41
| APM promedio | 33.8 |
| APM pico | 64 |
| eAPM promedio | 24.6 |
| Aldeanos / militares | 192 / 198 |
Foco
⚔️ 18.7% · 🌾 81.3%
Chu Ko Nu ×187 · Fishing Ship ×29 · Trebuchet (Packed) ×4 · Monk ×3 · Galley ×2 · Fire Galley ×2
Feudal
12:23
Castillos
16:18
Imperial
31:17
| APM promedio | 21.9 |
| APM pico | 50 |
| eAPM promedio | 15.1 |
| Aldeanos / militares | 103 / 151 |
Foco
⚔️ 30.2% · 🌾 69.8%
Skirmisher ×87 · Hand Cannoneer ×50 · Fishing Ship ×35 · Unknown (2626) ×9 · Trebuchet (Packed) ×7 · Bombard Cannon ×4
Feudal
12:38
Castillos
17:04
Imperial
33:50
| APM promedio | 19.3 |
| APM pico | 50 |
| eAPM promedio | 13.9 |
| Aldeanos / militares | 131 / 98 |
Foco
⚔️ 36.1% · 🌾 63.9%
Knight ×74 · Fire Galley ×22 · Fishing Ship ×11 · Monk ×2
Feudal
11:30
Castillos
15:31
Imperial
23:12
| APM promedio | 11.9 |
| APM pico | 27 |
| eAPM promedio | 8.6 |
| Aldeanos / militares | 67 / 165 |
Foco
⚔️ 39.5% · 🌾 60.5%
Fire Lancer ×120 · Spearman ×30 · Fishing Ship ×18 · Galley ×5 · Skirmisher ×5 · Monk ×2
Mapa de la partida
Recursos iniciales + cada clic de construcción. Líneas = muros · curvas = relieve. ◆ oro · ⬟ piedra · ● bayas · ✦ reliquia · ◌ hueco del cierre
Tu base· ✓ Separados por el mapa
Base de Enter a Name· ✓ Separados por el mapa
Base de Thire7· ✓ Separados por el mapa
Base de ChetosF· ✓ Separados por el mapa
Base de Corvus· ✓ Separados por el mapa
Base de Movinup14· ✓ Separados por el mapa
Base de 74_phihung· ✓ Separados por el mapa
Base de Psalms18:2· ✓ Separados por el mapa
Terreno inicial suavizado · ◌ = hueco del cierre detectado · pasá el cursor para detalles
Inputs por minuto
— Zalmon - - Enter a Name
Build order — Zalmon
Primeras 150 de 153 acciones detectadas
| 1:57 | Construir | Town Center |
| 3:04 | Crear | Villager (Male) ×4 |
| 4:10 | Crear | Villager (Male) |
| 4:53 | Construir | Dock |
| 5:05 | Construir | Dock |
| 5:09 | Crear | Villager (Male) |
| 5:38 | Crear | Fishing Ship |
| 5:48 | Crear | Villager (Male) |
| 6:12 | Crear | Villager (Male) |
| 6:20 | Crear | Fishing Ship |
| 6:21 | Crear | Fishing Ship |
| 6:22 | Crear | Fishing Ship |
| 6:34 | Construir | Dock |
| 6:38 | Crear | Villager (Male) |
| 7:10 | Crear | Villager (Male) |
| 7:11 | Investigar | Loom |
| 7:49 | Construir | Mill |
| 7:53 | Crear | Villager (Male) |
| 7:56 | Crear | Fishing Ship |
| 7:58 | Crear | Fishing Ship |
| 8:01 | Crear | Fishing Ship |
| 8:25 | Crear | Villager (Male) |
| 8:25 | Crear | Villager (Male) |
| 8:32 | Crear | Fishing Ship |
| 8:53 | Construir | Lumber Camp |
| 9:03 | Crear | Villager (Male) |
| 9:06 | Crear | Fishing Ship |
| 9:20 | Crear | Villager (Male) |
| 9:22 | Crear | Fishing Ship |
| 9:28 | Crear | Villager (Male) |
| 9:59 | Crear | Villager (Male) |
| 10:00 | Crear | Fishing Ship |
| 10:02 | Crear | Fishing Ship |
| 10:24 | Crear | Fishing Ship |
| 10:25 | Crear | Fishing Ship |
| 10:30 | Crear | Villager (Male) |
| 11:08 | Crear | Villager (Male) |
| 11:14 | Investigar | Feudal Age |
| 11:16 | Crear | Fishing Ship |
| 11:19 | Crear | Fishing Ship |
| 12:04 | Construir | Mining Camp |
| 12:11 | Crear | Villager (Male) |
| 12:12 | Crear | Villager (Male) |
| 12:12 | Crear | Villager (Male) |
| 12:37 | Crear | Fishing Ship |
| 12:38 | Crear | Fishing Ship |
| 13:24 | Edad | Edad Feudal |
| 13:26 | Crear | Unit 2626 |
| 13:50 | Construir | Market |
| 14:14 | Crear | Villager (Male) |
| 14:14 | Crear | Villager (Male) |
| 14:27 | Construir | Blacksmith |
| 14:29 | Investigar | Horse Collar |
| 14:32 | Investigar | Wheelbarrow |
| 14:32 | Crear | Villager (Male) |
| 15:06 | Crear | Unit 2626 |
| 15:08 | Crear | Unit 2626 |
| 15:15 | Crear | Unit 2626 ×3 |
| 15:24 | Crear | Villager (Male) |
| 15:42 | Investigar | Castle Age |
| 15:48 | Investigar | Wheelbarrow |
| 15:52 | Investigar | Double-Bit Axe |
| 15:58 | Investigar | Padded Archer Armor |
| 16:08 | Construir | Barracks |
| 16:21 | Investigar | Tech 906 |
| 16:30 | Investigar | Tech 906 |
| 16:54 | Crear | Villager (Male) |
| 16:59 | Construir | Archery Range |
| 17:13 | Construir | Mining Camp |
| 17:32 | Investigar | Fletching |
| 17:35 | Crear | Villager (Male) |
| 17:44 | Crear | Unit 2626 |
| 17:45 | Crear | Fishing Ship |
| 17:54 | Crear | Fishing Ship |
| 18:26 | Edad | Edad de los Castillos |
| 18:34 | Investigar | Bodkin Arrow |
| 18:42 | Construir | University |
| 18:48 | Investigar | Forging |
| 19:03 | Investigar | War Galley (upgrade) |
| 19:46 | Crear | Unit 2626 |
| 19:50 | Crear | Trade Cog |
| 21:20 | Investigar | Gillnets |
| 21:21 | Crear | Villager (Male) ×5 |
| 21:22 | Investigar | Hand Cart |
| 21:27 | Investigar | Bow Saw |
| 21:35 | Investigar | Thumb Ring |
| 21:48 | Investigar | Gold Mining |
| 22:31 | Investigar | Careening |
| 22:59 | Investigar | Tech 908 |
| 23:02 | Investigar | Leather Archer Armor |
| 23:05 | Crear | Cavalry Archer ×5 |
| 23:18 | Crear | Villager (Male) |
| 23:19 | Crear | Villager (Male) |
| 23:28 | Crear | Trade Cog ×4 |
| 24:03 | Crear | Trade Cog ×2 |
| 24:07 | Crear | Villager (Male) |
| 24:56 | Crear | Trade Cog ×3 |
| 25:00 | Crear | Villager (Male) |
| 25:00 | Crear | Villager (Male) |
| 25:11 | Crear | Cavalry Archer ×3 |
| 25:15 | Investigar | Murder Holes |
| 26:08 | Crear | Trade Cog ×4 |
| 26:46 | Construir | Castle |
| 28:06 | Construir | Outpost |
| 29:16 | Construir | Mining Camp |
| 29:19 | Investigar | Imperial Age |
| 31:03 | Crear | Tarkan ×5 |
| 31:05 | Crear | Tarkan ×5 |
| 31:08 | Crear | Tarkan |
| 31:13 | Investigar | Gold Shaft Mining |
| 31:21 | Investigar | Ballistics |
| 31:27 | Investigar | Scale Barding Armor |
| 31:33 | Crear | Cavalry Archer ×5 |
| 31:34 | Crear | Cavalry Archer ×4 |
| 31:42 | Crear | Trade Cog |
| 32:27 | Investigar | Chain Barding Armor |
| 32:28 | Edad | Edad Imperial |
| 33:21 | Crear | Unit 1795 ×3 |
| 33:33 | Investigar | Iron Casting |
| 33:52 | Investigar | Caravan |
| 34:16 | Crear | Trebuchet (Packed) |
| 34:36 | Construir | Town Center |
| 35:33 | Investigar | Chemistry |
| 36:25 | Investigar | Conscription |
| 36:30 | Investigar | Parthian Tactics |
| 37:37 | Crear | Fishing Ship ×5 |
| 37:40 | Crear | Fishing Ship ×5 |
| 37:59 | Investigar | Tech 907 |
| 40:24 | Crear | Fishing Ship ×5 |
| 40:41 | Investigar | Dry Dock |
| 40:47 | Investigar | Blast Furnace |
| 40:48 | Investigar | Bracer |
| 40:57 | Crear | Villager (Male) ×3 |
| 41:06 | Construir | Farm |
| 41:07 | Construir | Farm |
| 41:07 | Construir | Farm |
| 41:08 | Construir | Farm |
| 41:08 | Construir | Farm |
| 41:09 | Construir | Farm |
| 41:09 | Construir | Farm |
| 41:21 | Construir | Castle |
| 41:36 | Investigar | Heavy Cavalry Archer (upgrade) |
| 41:39 | Investigar | Plate Barding Armor |
| 41:42 | Investigar | Tech 2 |
| 42:08 | Investigar | Masonry |
| 44:58 | Investigar | Galleon (upgrade) |
| 45:08 | Crear | Tarkan ×5 |
| 45:11 | Crear | Tarkan ×5 |
| 45:34 | Construir | Stable |
| 45:42 | Crear | Villager (Male) ×5 |
Build order — Enter a Name
Primeras 150 de 400 acciones detectadas
| 0:08 | Construir | Town Center |
| 0:41 | Construir | Dock |
| 1:03 | Crear | Villager (Male) |
| 1:03 | Crear | Villager (Male) |
| 1:03 | Crear | Villager (Male) |
| 1:04 | Crear | Villager (Male) |
| 1:04 | Crear | Villager (Male) |
| 1:07 | Construir | House |
| 1:26 | Construir | House |
| 1:38 | Crear | Fishing Ship |
| 1:43 | Construir | House |
| 2:22 | Crear | Fishing Ship |
| 2:25 | Crear | Fishing Ship |
| 2:56 | Crear | Villager (Male) |
| 3:00 | Crear | Fishing Ship |
| 3:29 | Crear | Villager (Male) |
| 3:42 | Crear | Fishing Ship |
| 3:57 | Crear | Villager (Male) |
| 4:16 | Crear | Villager (Male) |
| 4:29 | Crear | Fishing Ship |
| 4:35 | Construir | House |
| 5:03 | Crear | Villager (Male) |
| 5:09 | Construir | House |
| 5:28 | Construir | Lumber Camp |
| 5:34 | Crear | Villager (Male) |
| 5:36 | Crear | Fishing Ship |
| 6:39 | Investigar | Loom |
| 6:57 | Crear | Fishing Ship |
| 7:13 | Investigar | Feudal Age |
| 7:40 | Construir | Lumber Camp |
| 8:11 | Crear | Fishing Ship |
| 8:51 | Construir | House |
| 9:16 | Edad | Edad Feudal |
| 9:20 | Investigar | Wheelbarrow |
| 9:49 | Construir | Blacksmith |
| 9:59 | Construir | Mill |
| 10:04 | Crear | Fishing Ship |
| 10:39 | Construir | Market |
| 10:43 | Investigar | Town Watch |
| 10:53 | Construir | Mill |
| 11:13 | Crear | Villager (Male) |
| 11:26 | Construir | Mining Camp |
| 11:46 | Crear | Fishing Ship |
| 12:06 | Investigar | Castle Age |
| 12:49 | Construir | Dock |
| 13:26 | Construir | Dock |
| 14:13 | Investigar | Double-Bit Axe |
| 14:31 | Edad | Edad de los Castillos |
| 14:34 | Construir | Town Center |
| 14:58 | Investigar | Hand Cart |
| 15:33 | Construir | House |
| 15:46 | Crear | Villager (Male) |
| 15:58 | Crear | Villager (Male) |
| 15:58 | Crear | Villager (Male) |
| 16:36 | Construir | Town Center |
| 17:04 | Construir | Lumber Camp |
| 17:33 | Crear | Villager (Male) |
| 17:34 | Crear | Villager (Male) |
| 17:45 | Crear | Villager (Male) |
| 17:47 | Crear | Villager (Male) |
| 17:55 | Crear | Villager (Male) |
| 17:55 | Crear | Villager (Male) |
| 18:09 | Crear | Villager (Male) |
| 18:22 | Construir | House |
| 18:32 | Crear | Villager (Male) |
| 18:41 | Crear | Villager (Male) |
| 19:03 | Crear | Villager (Male) |
| 19:03 | Crear | Villager (Male) |
| 19:33 | Crear | Villager (Male) |
| 19:33 | Crear | Villager (Male) |
| 19:48 | Construir | Town Center |
| 19:50 | Crear | Villager (Male) |
| 19:52 | Crear | Villager (Male) |
| 19:58 | Investigar | Horse Collar |
| 20:14 | Construir | Farm |
| 20:16 | Construir | Farm |
| 20:21 | Crear | Villager (Male) |
| 20:30 | Construir | Farm |
| 20:33 | Construir | Farm |
| 20:35 | Construir | Farm |
| 20:43 | Crear | Villager (Male) |
| 20:59 | Crear | Villager (Male) |
| 21:06 | Construir | Farm |
| 21:09 | Construir | Farm |
| 21:17 | Crear | Villager (Male) |
| 21:26 | Crear | Villager (Male) |
| 21:37 | Crear | Villager (Male) |
| 21:38 | Crear | Villager (Male) |
| 21:39 | Crear | Villager (Male) |
| 21:43 | Construir | House |
| 21:44 | Construir | House |
| 21:45 | Construir | House |
| 21:46 | Crear | Villager (Male) |
| 21:46 | Crear | Villager (Male) |
| 21:56 | Construir | Farm |
| 21:57 | Construir | Farm |
| 21:57 | Construir | Farm |
| 21:58 | Construir | Farm |
| 21:59 | Construir | Farm |
| 22:05 | Crear | Villager (Male) |
| 22:05 | Crear | Villager (Male) |
| 22:05 | Crear | Villager (Male) |
| 22:21 | Construir | Town Center |
| 22:22 | Crear | Villager (Male) |
| 22:32 | Crear | Villager (Male) |
| 22:36 | Construir | Farm |
| 22:39 | Crear | Villager (Male) |
| 23:04 | Construir | House |
| 23:04 | Crear | Villager (Male) |
| 23:13 | Construir | Farm |
| 23:40 | Construir | Town Center |
| 23:41 | Crear | Villager (Male) |
| 23:41 | Crear | Villager (Male) |
| 23:41 | Crear | Villager (Male) |
| 23:42 | Crear | Villager (Male) |
| 23:42 | Crear | Villager (Male) |
| 24:00 | Investigar | Fletching |
| 24:06 | Construir | Mining Camp |
| 24:35 | Construir | Mill |
| 24:36 | Construir | Farm |
| 24:37 | Construir | Farm |
| 24:38 | Construir | Farm |
| 24:39 | Construir | Farm |
| 24:39 | Construir | Farm |
| 24:40 | Construir | Farm |
| 24:41 | Construir | Farm |
| 24:42 | Construir | Farm |
| 24:44 | Crear | Villager (Male) |
| 24:44 | Crear | Villager (Male) |
| 24:47 | Crear | Villager (Male) |
| 24:49 | Crear | Villager (Male) |
| 24:49 | Crear | Villager (Male) |
| 24:54 | Construir | Farm |
| 24:55 | Construir | Farm |
| 24:56 | Construir | Farm |
| 25:15 | Construir | Lumber Camp |
| 25:17 | Crear | Villager (Male) |
| 25:19 | Construir | Farm |
| 25:23 | Crear | Villager (Male) |
| 25:23 | Crear | Villager (Male) |
| 25:31 | Construir | House |
| 25:33 | Crear | Villager (Male) |
| 25:33 | Crear | Villager (Male) |
| 25:57 | Construir | Town Center |
| 25:58 | Crear | Villager (Male) |
| 26:00 | Crear | Villager (Male) |
| 26:00 | Crear | Villager (Male) |
| 26:06 | Construir | House |
| 26:07 | Construir | House |
| 26:07 | Construir | House |
Build order — Thire7
Primeras 150 de 326 acciones detectadas
| 0:10 | Construir | Dock |
| 0:13 | Construir | House |
| 1:57 | Construir | Town Center |
| 2:49 | Crear | Villager (Male) |
| 2:49 | Crear | Villager (Male) |
| 2:49 | Crear | Villager (Male) |
| 2:49 | Crear | Villager (Male) |
| 2:50 | Crear | Villager (Male) |
| 3:29 | Crear | Fishing Ship |
| 3:40 | Construir | House |
| 4:16 | Crear | Villager (Male) |
| 4:17 | Crear | Villager (Male) |
| 4:19 | Crear | Fishing Ship |
| 4:20 | Crear | Fishing Ship |
| 4:54 | Crear | Villager (Male) |
| 4:54 | Crear | Villager (Male) |
| 4:54 | Crear | Villager (Male) |
| 4:55 | Crear | Villager (Male) |
| 5:03 | Crear | Fishing Ship |
| 5:08 | Construir | House |
| 5:15 | Investigar | Loom |
| 5:15 | Crear | Villager (Male) |
| 5:16 | Crear | Villager (Male) |
| 5:22 | Crear | Fishing Ship |
| 6:14 | Crear | Villager (Male) |
| 6:20 | Construir | Dock |
| 7:01 | Construir | Settlement |
| 7:02 | Crear | Villager (Male) |
| 7:03 | Crear | Fishing Ship |
| 7:07 | Construir | House |
| 7:27 | Crear | Villager (Male) |
| 7:44 | Crear | Villager (Male) |
| 7:45 | Crear | Fishing Ship |
| 8:01 | Crear | Fishing Ship |
| 8:02 | Crear | Fishing Ship |
| 8:12 | Crear | Villager (Male) |
| 8:19 | Crear | Villager (Male) |
| 8:21 | Crear | Fishing Ship |
| 8:39 | Crear | Fishing Ship |
| 8:55 | Construir | House |
| 8:58 | Crear | Villager (Male) |
| 9:37 | Investigar | Feudal Age |
| 9:52 | Crear | Fishing Ship |
| 11:01 | Crear | Villager (Male) |
| 11:02 | Crear | Villager (Male) |
| 11:47 | Edad | Edad Feudal |
| 11:48 | Construir | Market |
| 11:50 | Construir | Blacksmith |
| 12:06 | Crear | Fire Galley |
| 12:06 | Crear | Fire Galley |
| 12:35 | Investigar | Castle Age |
| 12:36 | Investigar | Castle Age |
| 13:07 | Investigar | Tech 906 |
| 13:10 | Crear | Fire Galley |
| 13:12 | Investigar | Fletching |
| 13:18 | Construir | House |
| 13:22 | Construir | House |
| 13:23 | Construir | House |
| 13:43 | Crear | Fire Galley |
| 13:43 | Crear | Fire Galley |
| 14:26 | Crear | Unit 2626 |
| 15:12 | Crear | Villager (Male) |
| 15:12 | Crear | Villager (Male) |
| 15:16 | Crear | Unit 2626 |
| 15:16 | Crear | Unit 2626 |
| 15:17 | Edad | Edad de los Castillos |
| 15:19 | Investigar | Forging |
| 15:23 | Investigar | War Galley (upgrade) |
| 15:38 | Investigar | Double-Bit Axe |
| 15:52 | Crear | Unit 2586 |
| 16:05 | Crear | Unit 2586 |
| 16:10 | Investigar | Scale Mail Armor |
| 16:13 | Investigar | Iron Casting |
| 16:24 | Crear | Villager (Male) |
| 16:24 | Crear | Villager (Male) |
| 16:24 | Crear | Villager (Male) |
| 16:29 | Construir | Dock |
| 16:56 | Construir | Town Center |
| 17:06 | Crear | Fire Galley |
| 17:21 | Construir | House |
| 17:24 | Construir | House |
| 17:25 | Construir | House |
| 17:29 | Crear | Unit 2586 |
| 17:30 | Crear | Villager (Male) |
| 17:31 | Crear | Villager (Male) |
| 17:32 | Crear | Villager (Male) |
| 17:37 | Investigar | Scale Mail Armor |
| 17:48 | Crear | Fishing Ship |
| 17:48 | Crear | Fishing Ship |
| 18:22 | Crear | Villager (Male) |
| 18:22 | Crear | Villager (Male) |
| 18:29 | Crear | Unit 2586 |
| 18:31 | Crear | Unit 2586 |
| 18:42 | Investigar | Chain Mail Armor |
| 18:47 | Crear | Villager (Male) |
| 18:47 | Crear | Villager (Male) |
| 18:53 | Crear | Unit 2626 |
| 18:53 | Crear | Unit 2626 |
| 19:21 | Crear | Villager (Male) |
| 19:21 | Crear | Villager (Male) |
| 19:28 | Crear | Unit 2626 |
| 19:28 | Crear | Unit 2626 |
| 19:36 | Construir | Farm |
| 19:36 | Construir | Farm |
| 19:36 | Construir | Farm |
| 19:38 | Construir | Farm |
| 20:03 | Crear | Unit 2586 |
| 20:04 | Crear | Unit 2586 |
| 20:09 | Crear | Villager (Male) |
| 20:18 | Crear | Villager (Male) |
| 20:27 | Crear | Villager (Male) |
| 20:34 | Crear | Villager (Male) |
| 20:56 | Crear | Unit 2586 |
| 21:04 | Crear | Villager (Male) |
| 21:08 | Construir | Farm |
| 21:08 | Construir | Farm |
| 21:08 | Construir | Farm |
| 21:10 | Crear | Fishing Ship ×5 |
| 21:11 | Investigar | Gillnets |
| 21:18 | Construir | House |
| 21:37 | Construir | Barracks |
| 21:46 | Crear | Unit 2586 |
| 21:47 | Crear | Unit 2586 |
| 21:51 | Crear | Villager (Male) |
| 21:51 | Crear | Villager (Male) |
| 21:52 | Investigar | Wheelbarrow |
| 21:59 | Construir | University |
| 22:08 | Investigar | Padded Archer Armor |
| 22:47 | Crear | Villager (Male) |
| 22:47 | Crear | Villager (Male) |
| 22:50 | Construir | Farm |
| 22:54 | Construir | Farm |
| 23:07 | Investigar | Ballistics |
| 23:12 | Construir | Archery Range |
| 23:14 | Construir | Archery Range |
| 23:20 | Construir | House |
| 23:21 | Construir | House |
| 23:25 | Construir | House |
| 23:26 | Construir | House |
| 23:34 | Crear | Unit 2586 |
| 23:35 | Crear | Unit 2586 |
| 23:51 | Crear | Villager (Male) |
| 23:59 | Crear | Villager (Male) |
| 23:59 | Crear | Villager (Male) |
| 24:00 | Crear | Villager (Male) |
| 24:01 | Crear | Villager (Male) |
| 24:05 | Investigar | Elite Skirmisher (upgrade) |
| 24:08 | Construir | Archery Range |
| 24:13 | Crear | Skirmisher ×3 |
| 24:22 | Construir | Palisade Wall |
Build order — ChetosF
Primeras 150 de 239 acciones detectadas
| 2:13 | Construir | Town Center |
| 3:09 | Crear | Villager (Male) |
| 3:10 | Crear | Villager (Male) |
| 3:10 | Crear | Villager (Male) |
| 3:13 | Construir | House |
| 3:16 | Investigar | Loom |
| 3:17 | Investigar | Loom |
| 3:18 | Crear | Villager (Male) |
| 3:18 | Crear | Villager (Male) |
| 3:18 | Crear | Villager (Male) |
| 3:19 | Crear | Villager (Male) |
| 3:22 | Construir | House |
| 3:24 | Construir | House |
| 3:44 | Crear | Villager (Male) |
| 4:20 | Crear | Villager (Male) |
| 4:51 | Crear | Villager (Male) |
| 4:51 | Crear | Villager (Male) |
| 4:52 | Crear | Villager (Male) |
| 5:24 | Construir | Lumber Camp |
| 5:48 | Crear | Villager (Male) |
| 6:20 | Construir | Mill |
| 6:36 | Crear | Villager (Male) |
| 6:36 | Crear | Villager (Male) |
| 6:36 | Crear | Villager (Male) |
| 6:36 | Crear | Villager (Male) |
| 6:37 | Crear | Villager (Male) |
| 7:03 | Construir | Farm |
| 7:03 | Construir | Farm |
| 7:03 | Construir | Farm |
| 7:03 | Construir | Farm |
| 7:04 | Construir | Farm |
| 7:04 | Construir | Farm |
| 7:15 | Construir | Farm |
| 7:23 | Construir | Farm |
| 7:44 | Construir | Farm |
| 7:51 | Construir | Farm |
| 8:15 | Construir | Farm |
| 8:23 | Construir | House |
| 8:35 | Construir | Farm |
| 8:41 | Construir | House |
| 9:17 | Construir | Farm |
| 9:17 | Construir | Farm |
| 9:18 | Construir | Farm |
| 9:18 | Construir | Farm |
| 9:18 | Construir | Farm |
| 9:18 | Construir | Farm |
| 9:19 | Construir | Farm |
| 9:24 | Crear | Villager (Male) |
| 9:36 | Construir | Farm |
| 9:42 | Construir | Farm |
| 10:13 | Crear | Villager (Male) |
| 10:22 | Construir | Farm |
| 10:22 | Construir | Farm |
| 10:41 | Crear | Villager (Male) |
| 10:47 | Crear | Villager (Male) |
| 11:18 | Investigar | Feudal Age |
| 11:23 | Construir | Barracks |
| 12:14 | Crear | Villager (Male) |
| 12:14 | Crear | Villager (Male) |
| 12:15 | Crear | Villager (Male) |
| 13:03 | Construir | Mining Camp |
| 13:28 | Crear | Villager (Male) |
| 13:29 | Crear | Villager (Male) |
| 13:41 | Edad | Edad Feudal |
| 13:43 | Construir | Market |
| 14:36 | Construir | Blacksmith |
| 15:10 | Investigar | Castle Age |
| 15:14 | Crear | Villager (Male) |
| 15:14 | Crear | Villager (Male) |
| 15:26 | Construir | House |
| 15:27 | Construir | House |
| 15:32 | Construir | House |
| 15:51 | Investigar | Double-Bit Axe |
| 16:37 | Crear | Villager (Male) |
| 16:37 | Crear | Villager (Male) |
| 17:17 | Construir | Farm |
| 17:53 | Edad | Edad de los Castillos |
| 17:57 | Construir | Castle |
| 18:16 | Investigar | Wheelbarrow |
| 18:20 | Investigar | Padded Archer Armor |
| 18:59 | Construir | House |
| 18:59 | Construir | House |
| 19:00 | Construir | House |
| 19:00 | Construir | House |
| 19:01 | Construir | House |
| 19:01 | Construir | House |
| 19:08 | Crear | Conquistador |
| 19:08 | Crear | Conquistador |
| 19:08 | Crear | Conquistador |
| 19:27 | Crear | Villager (Male) |
| 19:27 | Crear | Villager (Male) |
| 19:43 | Construir | Stable |
| 19:52 | Crear | Monk |
| 20:05 | Crear | Conquistador |
| 20:05 | Crear | Conquistador |
| 20:15 | Crear | Villager (Male) |
| 20:22 | Investigar | Leather Archer Armor |
| 20:49 | Crear | Conquistador |
| 20:50 | Crear | Conquistador |
| 20:50 | Crear | Conquistador |
| 21:35 | Crear | Conquistador |
| 21:35 | Crear | Conquistador |
| 21:35 | Crear | Conquistador |
| 21:51 | Investigar | Bloodlines |
| 21:52 | Investigar | Bloodlines |
| 22:09 | Construir | Farm |
| 22:09 | Construir | Farm |
| 22:09 | Construir | Farm |
| 22:24 | Construir | Farm |
| 22:24 | Construir | Farm |
| 22:24 | Construir | Farm |
| 22:24 | Construir | Farm |
| 22:25 | Construir | Farm |
| 22:25 | Construir | Farm |
| 22:25 | Construir | Farm |
| 22:33 | Crear | Villager (Male) |
| 22:35 | Crear | Conquistador |
| 22:35 | Crear | Conquistador |
| 22:58 | Crear | Conquistador |
| 22:58 | Crear | Conquistador |
| 23:21 | Crear | Villager (Male) |
| 23:28 | Investigar | Husbandry |
| 23:28 | Investigar | Husbandry |
| 23:30 | Crear | Conquistador |
| 23:30 | Crear | Conquistador |
| 23:57 | Investigar | Bow Saw |
| 23:57 | Investigar | Bow Saw |
| 24:34 | Crear | Villager (Male) |
| 24:35 | Crear | Conquistador |
| 24:35 | Crear | Conquistador |
| 24:35 | Crear | Conquistador |
| 25:35 | Crear | Villager (Male) |
| 25:37 | Crear | Conquistador |
| 25:37 | Crear | Conquistador |
| 25:37 | Crear | Conquistador |
| 25:37 | Crear | Conquistador |
| 25:38 | Crear | Conquistador |
| 25:52 | Crear | Villager (Male) |
| 26:29 | Crear | Villager (Male) |
| 26:30 | Crear | Conquistador |
| 26:30 | Crear | Conquistador |
| 26:31 | Crear | Conquistador |
| 26:31 | Crear | Conquistador |
| 26:55 | Crear | Villager (Male) |
| 26:55 | Crear | Villager (Male) |
| 26:57 | Crear | Conquistador |
| 26:57 | Crear | Conquistador |
| 27:54 | Crear | Villager (Male) |
| 27:54 | Crear | Villager (Male) |
| 28:02 | Construir | Town Center |
Build order — Corvus
Primeras 150 de 436 acciones detectadas
| 2:38 | Construir | Town Center |
| 3:35 | Construir | House |
| 3:51 | Construir | Dock |
| 3:57 | Investigar | Loom |
| 3:57 | Investigar | Loom |
| 4:24 | Crear | Villager (Male) |
| 4:24 | Crear | Villager (Male) |
| 4:40 | Crear | Villager (Male) |
| 4:40 | Crear | Villager (Male) |
| 4:58 | Crear | Villager (Male) |
| 4:58 | Crear | Villager (Male) |
| 5:21 | Crear | Villager (Male) |
| 5:22 | Crear | Villager (Male) |
| 5:25 | Crear | Fishing Ship |
| 5:25 | Crear | Fishing Ship |
| 5:36 | Crear | Villager (Male) |
| 5:36 | Crear | Villager (Male) |
| 6:42 | Crear | Villager (Male) |
| 7:03 | Construir | Dock |
| 7:06 | Construir | House |
| 7:11 | Construir | House |
| 7:14 | Crear | Fishing Ship |
| 7:22 | Construir | Dock |
| 7:23 | Crear | Villager (Male) |
| 7:30 | Construir | House |
| 8:05 | Crear | Fishing Ship |
| 8:06 | Crear | Fishing Ship |
| 8:07 | Crear | Fishing Ship |
| 8:17 | Construir | House |
| 8:20 | Construir | House |
| 8:54 | Crear | Villager (Male) |
| 8:54 | Crear | Villager (Male) |
| 8:56 | Crear | Fishing Ship |
| 8:56 | Crear | Fishing Ship |
| 9:00 | Crear | Fishing Ship |
| 9:37 | Crear | Fishing Ship |
| 9:39 | Crear | Fishing Ship |
| 9:46 | Crear | Fishing Ship |
| 9:51 | Crear | Villager (Male) |
| 10:11 | Crear | Villager (Male) |
| 10:12 | Crear | Villager (Male) |
| 10:15 | Crear | Fishing Ship |
| 10:17 | Crear | Fishing Ship |
| 10:21 | Crear | Fishing Ship |
| 10:25 | Crear | Villager (Male) |
| 10:26 | Crear | Villager (Male) |
| 10:44 | Crear | Fishing Ship |
| 10:49 | Crear | Fishing Ship |
| 10:52 | Crear | Fishing Ship |
| 10:52 | Crear | Fishing Ship |
| 10:55 | Crear | Villager (Male) |
| 10:57 | Crear | Villager (Male) |
| 11:00 | Construir | House |
| 11:01 | Construir | House |
| 11:01 | Construir | House |
| 11:01 | Construir | House |
| 11:01 | Construir | House |
| 11:01 | Construir | House |
| 11:02 | Construir | House |
| 11:02 | Construir | House |
| 11:13 | Crear | Fishing Ship |
| 11:23 | Crear | Fishing Ship |
| 11:34 | Crear | Fishing Ship |
| 12:01 | Construir | Mining Camp |
| 12:03 | Crear | Villager (Male) |
| 12:04 | Crear | Villager (Male) |
| 12:08 | Crear | Fishing Ship |
| 12:13 | Crear | Fishing Ship |
| 12:24 | Crear | Fishing Ship |
| 12:24 | Crear | Fishing Ship |
| 12:59 | Crear | Villager (Male) |
| 13:12 | Investigar | Feudal Age |
| 13:13 | Investigar | Feudal Age |
| 13:20 | Construir | Lumber Camp |
| 13:28 | Crear | Fishing Ship |
| 13:33 | Crear | Fishing Ship |
| 13:36 | Crear | Fishing Ship |
| 15:09 | Construir | Mining Camp |
| 15:34 | Edad | Edad Feudal |
| 15:44 | Crear | Fire Galley |
| 15:44 | Crear | Fire Galley |
| 16:17 | Crear | Galley |
| 16:17 | Crear | Galley |
| 16:39 | Crear | Villager (Male) |
| 16:39 | Crear | Villager (Male) |
| 16:40 | Crear | Villager (Male) |
| 16:40 | Crear | Villager (Male) |
| 16:42 | Investigar | Double-Bit Axe |
| 16:42 | Investigar | Double-Bit Axe |
| 16:42 | Investigar | Double-Bit Axe |
| 17:13 | Crear | Villager (Male) |
| 17:19 | Construir | Blacksmith |
| 17:24 | Construir | Mill |
| 17:29 | Construir | Barracks |
| 17:37 | Crear | Villager (Male) |
| 18:01 | Construir | Dock |
| 18:27 | Crear | Villager (Male) |
| 18:33 | Construir | Market |
| 18:46 | Construir | Archery Range |
| 19:41 | Investigar | Castle Age |
| 19:41 | Investigar | Castle Age |
| 19:49 | Investigar | Fletching |
| 19:50 | Investigar | Padded Archer Armor |
| 19:50 | Investigar | Padded Archer Armor |
| 20:34 | Construir | House |
| 20:37 | Construir | House |
| 20:40 | Construir | House |
| 21:09 | Crear | Villager (Male) |
| 21:10 | Crear | Villager (Male) |
| 21:21 | Crear | Villager (Male) |
| 21:40 | Investigar | Stone Mining |
| 21:41 | Investigar | Stone Mining |
| 21:43 | Crear | Villager (Male) |
| 21:43 | Crear | Villager (Male) |
| 22:21 | Edad | Edad de los Castillos |
| 22:22 | Investigar | Bow Saw |
| 22:23 | Investigar | Bow Saw |
| 22:36 | Construir | Town Center |
| 22:46 | Construir | Town Center |
| 22:54 | Crear | Villager (Male) |
| 22:56 | Crear | Villager (Male) |
| 23:07 | Crear | Monk |
| 23:08 | Crear | Monk |
| 23:43 | Crear | Villager (Male) |
| 23:44 | Crear | Villager (Male) |
| 23:44 | Crear | Villager (Male) |
| 23:44 | Crear | Villager (Male) |
| 23:44 | Crear | Villager (Male) |
| 24:05 | Investigar | Wheelbarrow |
| 24:17 | Construir | Town Center |
| 24:20 | Crear | Villager (Male) |
| 24:20 | Crear | Villager (Male) |
| 24:20 | Crear | Villager (Male) |
| 24:21 | Crear | Villager (Male) |
| 24:27 | Construir | Farm |
| 24:27 | Construir | Farm |
| 24:28 | Construir | Farm |
| 24:33 | Construir | Farm |
| 25:14 | Construir | Mill |
| 25:24 | Crear | Villager (Male) |
| 25:24 | Crear | Villager (Male) |
| 25:25 | Crear | Villager (Male) |
| 25:25 | Crear | Villager (Male) |
| 25:25 | Crear | Villager (Male) |
| 25:25 | Crear | Villager (Male) |
| 25:26 | Crear | Villager (Male) |
| 25:33 | Construir | Mill |
| 25:38 | Crear | Villager (Male) |
| 25:38 | Crear | Villager (Male) |
| 25:38 | Crear | Villager (Male) |
Build order — Movinup14
Primeras 150 de 277 acciones detectadas
| 1:32 | Construir | Town Center |
| 2:11 | Construir | Dock |
| 2:15 | Construir | House |
| 2:17 | Investigar | Loom |
| 2:18 | Crear | Villager (Male) |
| 2:18 | Crear | Villager (Male) |
| 2:18 | Crear | Villager (Male) |
| 2:55 | Crear | Villager (Male) |
| 2:55 | Crear | Villager (Male) |
| 3:10 | Crear | Fishing Ship |
| 3:16 | Construir | House |
| 4:03 | Construir | Mill |
| 4:08 | Crear | Villager (Male) |
| 4:09 | Crear | Villager (Male) |
| 4:36 | Crear | Fishing Ship |
| 4:36 | Crear | Fishing Ship |
| 4:48 | Crear | Villager (Male) |
| 4:49 | Crear | Villager (Male) |
| 4:58 | Crear | Villager (Male) |
| 4:58 | Crear | Villager (Male) |
| 5:04 | Construir | House |
| 5:15 | Crear | Villager (Male) |
| 5:36 | Crear | Villager (Male) |
| 5:37 | Crear | Fishing Ship |
| 5:55 | Crear | Villager (Male) |
| 5:56 | Crear | Villager (Male) |
| 6:04 | Crear | Villager (Male) |
| 6:04 | Crear | Villager (Male) |
| 6:04 | Crear | Villager (Male) |
| 6:15 | Construir | Lumber Camp |
| 6:35 | Investigar | Double-Bit Axe |
| 6:45 | Crear | Villager (Male) |
| 6:53 | Crear | Fishing Ship |
| 6:59 | Construir | House |
| 7:09 | Investigar | Wheelbarrow |
| 7:10 | Investigar | Wheelbarrow |
| 7:28 | Crear | Fishing Ship |
| 7:48 | Crear | Villager (Male) |
| 7:57 | Crear | Fishing Ship |
| 8:20 | Construir | House |
| 8:28 | Crear | Fishing Ship |
| 8:35 | Construir | Dock |
| 8:50 | Crear | Villager (Male) |
| 8:50 | Crear | Villager (Male) |
| 9:08 | Construir | House |
| 9:23 | Crear | Fishing Ship |
| 9:23 | Crear | Fishing Ship |
| 9:40 | Investigar | Tech 906 |
| 9:43 | Crear | Villager (Male) |
| 9:43 | Crear | Villager (Male) |
| 10:13 | Investigar | Feudal Age |
| 10:14 | Investigar | Feudal Age |
| 10:20 | Construir | Mining Camp |
| 10:32 | Investigar | Horse Collar |
| 10:56 | Investigar | Gold Mining |
| 11:25 | Crear | Fishing Ship |
| 11:25 | Crear | Fishing Ship |
| 11:32 | Construir | Dock |
| 11:35 | Crear | Villager (Male) |
| 12:23 | Edad | Edad Feudal |
| 12:26 | Construir | Market |
| 12:30 | Construir | Blacksmith |
| 12:46 | Crear | Villager (Male) |
| 12:46 | Crear | Villager (Male) |
| 13:27 | Investigar | Castle Age |
| 13:34 | Crear | Unit 2626 |
| 13:34 | Crear | Unit 2626 |
| 13:40 | Crear | Unit 2626 |
| 13:44 | Construir | House |
| 14:09 | Crear | Unit 2626 |
| 14:30 | Investigar | Gillnets |
| 14:55 | Crear | Fishing Ship ×2 |
| 15:18 | Crear | Fishing Ship |
| 15:23 | Construir | House |
| 15:24 | Construir | House |
| 15:25 | Construir | House |
| 15:25 | Construir | House |
| 15:25 | Construir | House |
| 15:33 | Crear | Villager (Male) |
| 15:56 | Crear | Villager (Male) |
| 16:18 | Edad | Edad de los Castillos |
| 16:20 | Crear | Monk |
| 16:25 | Investigar | War Galley (upgrade) |
| 16:39 | Construir | Town Center |
| 16:44 | Construir | Town Center |
| 17:05 | Crear | Fishing Ship |
| 17:13 | Construir | House |
| 17:26 | Crear | Villager (Male) |
| 17:26 | Crear | Villager (Male) |
| 17:27 | Crear | Villager (Male) |
| 17:27 | Crear | Villager (Male) |
| 17:37 | Crear | Villager (Male) |
| 17:38 | Crear | Villager (Male) |
| 17:38 | Crear | Villager (Male) |
| 17:41 | Construir | Farm |
| 17:41 | Construir | Farm |
| 17:42 | Construir | Farm |
| 17:51 | Crear | Fishing Ship ×2 |
| 17:57 | Crear | Villager (Male) |
| 18:00 | Crear | Villager (Male) |
| 18:00 | Crear | Villager (Male) |
| 18:00 | Crear | Villager (Male) |
| 18:07 | Investigar | Bow Saw |
| 18:22 | Construir | Lumber Camp |
| 19:01 | Construir | Mining Camp |
| 19:09 | Construir | Town Center |
| 19:14 | Crear | Villager (Male) ×5 |
| 19:16 | Crear | Villager (Male) ×5 |
| 19:22 | Construir | University |
| 19:44 | Investigar | Gold Shaft Mining |
| 19:51 | Construir | Mining Camp |
| 19:56 | Investigar | Hand Cart |
| 20:03 | Investigar | Hand Cart |
| 20:04 | Investigar | Town Watch |
| 20:10 | Crear | Villager (Male) ×5 |
| 20:28 | Crear | Unit 2626 ×5 |
| 20:39 | Crear | Fishing Ship ×5 |
| 20:58 | Crear | Villager (Male) ×5 |
| 21:20 | Crear | Villager (Male) ×5 |
| 21:27 | Investigar | Heavy Plow |
| 21:31 | Construir | Farm |
| 21:31 | Construir | Farm |
| 21:31 | Construir | Farm |
| 21:32 | Construir | Farm |
| 21:32 | Construir | Farm |
| 21:32 | Construir | Farm |
| 21:35 | Construir | Barracks |
| 21:41 | Investigar | Ballistics |
| 21:45 | Crear | Villager (Male) ×2 |
| 21:52 | Construir | House |
| 21:53 | Construir | House |
| 21:53 | Construir | House |
| 21:54 | Construir | House |
| 21:54 | Construir | House |
| 22:05 | Construir | House |
| 22:06 | Construir | House |
| 22:07 | Construir | House |
| 22:07 | Construir | House |
| 22:07 | Construir | House |
| 22:08 | Construir | House |
| 22:08 | Construir | House |
| 22:20 | Construir | Archery Range |
| 22:41 | Crear | Fishing Ship |
| 22:41 | Crear | Fishing Ship |
| 22:55 | Crear | Skirmisher |
| 22:55 | Crear | Skirmisher |
| 22:58 | Construir | Archery Range |
| 22:59 | Construir | Archery Range |
| 23:02 | Crear | Villager (Male) ×5 |
| 23:17 | Construir | Fish Trap |
Build order — 74_phihung
Primeras 150 de 398 acciones detectadas
| 3:07 | Construir | Town Center |
| 4:12 | Construir | House |
| 4:20 | Crear | Villager (Male) |
| 4:20 | Crear | Villager (Male) |
| 4:20 | Crear | Villager (Male) |
| 4:20 | Crear | Villager (Male) |
| 4:21 | Crear | Villager (Male) |
| 4:21 | Crear | Villager (Male) |
| 4:21 | Crear | Villager (Male) |
| 4:44 | Construir | House |
| 5:07 | Crear | Villager (Male) |
| 5:07 | Crear | Villager (Male) |
| 5:08 | Crear | Villager (Male) |
| 5:24 | Construir | Dock |
| 5:30 | Crear | Villager (Male) |
| 5:30 | Crear | Villager (Male) |
| 5:30 | Crear | Villager (Male) |
| 6:13 | Crear | Fishing Ship |
| 6:13 | Crear | Fishing Ship |
| 6:14 | Crear | Fishing Ship |
| 6:23 | Construir | House |
| 6:25 | Construir | House |
| 6:27 | Crear | Villager (Male) |
| 6:27 | Crear | Villager (Male) |
| 7:13 | Crear | Villager (Male) |
| 7:14 | Crear | Villager (Male) |
| 7:20 | Crear | Fishing Ship |
| 7:23 | Construir | House |
| 8:01 | Construir | House |
| 8:06 | Crear | Fishing Ship |
| 8:07 | Crear | Fishing Ship |
| 8:12 | Crear | Villager (Male) |
| 8:13 | Crear | Villager (Male) |
| 8:13 | Crear | Villager (Male) |
| 8:43 | Crear | Villager (Male) |
| 9:06 | Crear | Fishing Ship |
| 9:42 | Construir | Mill |
| 9:47 | Investigar | Loom |
| 10:06 | Construir | Lumber Camp |
| 10:19 | Investigar | Feudal Age |
| 10:51 | Crear | Fishing Ship |
| 12:36 | Crear | Fishing Ship |
| 12:38 | Edad | Edad Feudal |
| 12:44 | Crear | Villager (Male) |
| 12:44 | Crear | Villager (Male) |
| 12:51 | Construir | Market |
| 12:58 | Construir | Blacksmith |
| 13:08 | Investigar | Double-Bit Axe |
| 13:08 | Investigar | Double-Bit Axe |
| 13:32 | Crear | Villager (Male) |
| 13:45 | Construir | Mining Camp |
| 13:50 | Crear | Villager (Male) |
| 14:00 | Construir | House |
| 14:06 | Investigar | Castle Age |
| 14:06 | Investigar | Castle Age |
| 14:19 | Construir | Dock |
| 14:29 | Crear | Fishing Ship |
| 14:54 | Construir | House |
| 14:57 | Construir | House |
| 14:59 | Construir | House |
| 15:04 | Investigar | Gold Mining |
| 15:04 | Investigar | Gold Mining |
| 15:57 | Crear | Fishing Ship |
| 16:01 | Crear | Fire Galley |
| 16:05 | Crear | Fire Galley |
| 16:14 | Investigar | Fletching |
| 16:14 | Investigar | Fletching |
| 16:22 | Investigar | Wheelbarrow |
| 16:47 | Crear | Fire Galley |
| 16:49 | Crear | Fire Galley |
| 17:04 | Edad | Edad de los Castillos |
| 17:25 | Investigar | War Galley (upgrade) |
| 17:27 | Crear | Villager (Male) |
| 17:27 | Crear | Villager (Male) |
| 17:44 | Crear | Villager (Male) |
| 17:47 | Investigar | Bow Saw |
| 17:47 | Investigar | Bow Saw |
| 18:02 | Crear | Villager (Male) |
| 18:06 | Crear | Fire Galley |
| 18:06 | Crear | Fire Galley |
| 18:06 | Crear | Fire Galley |
| 18:11 | Crear | Villager (Male) |
| 18:12 | Crear | Villager (Male) |
| 18:12 | Crear | Villager (Male) |
| 18:43 | Construir | Lumber Camp |
| 18:46 | Investigar | Padded Archer Armor |
| 18:46 | Investigar | Padded Archer Armor |
| 19:01 | Crear | Fire Galley |
| 19:02 | Crear | Fire Galley |
| 19:02 | Crear | Fire Galley |
| 19:02 | Crear | Fire Galley |
| 19:30 | Crear | Fire Galley |
| 19:30 | Crear | Fire Galley |
| 19:30 | Crear | Fire Galley |
| 19:30 | Crear | Fire Galley |
| 19:50 | Crear | Fire Galley |
| 19:50 | Crear | Fire Galley |
| 19:51 | Crear | Fire Galley |
| 19:53 | Crear | Villager (Male) |
| 19:59 | Construir | House |
| 20:20 | Crear | Villager (Male) |
| 20:26 | Construir | University |
| 20:54 | Crear | Villager (Male) |
| 20:54 | Crear | Villager (Male) |
| 20:57 | Investigar | Bodkin Arrow |
| 20:58 | Investigar | Bodkin Arrow |
| 20:58 | Investigar | Bodkin Arrow |
| 21:01 | Construir | House |
| 21:02 | Construir | House |
| 21:04 | Construir | House |
| 21:09 | Crear | Villager (Male) |
| 21:18 | Construir | Town Center |
| 21:22 | Construir | Lumber Camp |
| 21:35 | Investigar | Hand Cart |
| 21:50 | Investigar | Leather Archer Armor |
| 22:09 | Crear | Fire Galley |
| 22:10 | Crear | Fire Galley |
| 22:10 | Crear | Fire Galley |
| 22:10 | Crear | Fire Galley |
| 22:14 | Crear | Villager (Male) |
| 22:26 | Crear | Villager (Male) |
| 22:32 | Crear | Villager (Male) |
| 22:33 | Crear | Villager (Male) |
| 22:57 | Investigar | Tech 905 |
| 22:57 | Investigar | Tech 905 |
| 22:57 | Investigar | Tech 905 |
| 22:58 | Investigar | Tech 905 |
| 23:23 | Crear | Villager (Male) |
| 23:24 | Crear | Villager (Male) |
| 23:25 | Crear | Villager (Male) |
| 23:35 | Crear | Villager (Male) |
| 23:36 | Crear | Villager (Male) |
| 23:48 | Crear | Villager (Male) |
| 23:49 | Crear | Villager (Male) |
| 24:44 | Crear | Villager (Male) |
| 24:45 | Crear | Villager (Male) |
| 25:02 | Crear | Villager (Male) |
| 25:02 | Crear | Villager (Male) |
| 25:09 | Construir | Farm |
| 25:10 | Construir | Farm |
| 25:11 | Construir | Farm |
| 26:07 | Construir | Farm |
| 26:08 | Construir | Farm |
| 26:08 | Construir | Farm |
| 26:10 | Construir | Farm |
| 26:10 | Construir | Farm |
| 26:10 | Construir | Farm |
| 26:11 | Construir | Farm |
| 26:12 | Construir | Farm |
| 26:12 | Construir | Farm |
Build order — Psalms18:2
Primeras 150 de 271 acciones detectadas
| 0:11 | Construir | Dock |
| 1:20 | Construir | Town Center |
| 2:17 | Crear | Villager (Male) |
| 2:17 | Crear | Villager (Male) |
| 2:17 | Crear | Villager (Male) |
| 2:17 | Crear | Villager (Male) |
| 2:22 | Construir | House |
| 2:27 | Investigar | Loom |
| 2:28 | Crear | Villager (Male) |
| 2:28 | Crear | Villager (Male) |
| 2:56 | Construir | House |
| 3:26 | Crear | Villager (Male) |
| 3:26 | Crear | Villager (Male) |
| 3:27 | Crear | Villager (Male) |
| 3:33 | Construir | House |
| 3:40 | Crear | Fishing Ship |
| 3:46 | Crear | Fishing Ship |
| 4:39 | Construir | Dock |
| 4:45 | Crear | Villager (Male) |
| 5:08 | Crear | Villager (Male) |
| 5:19 | Crear | Fishing Ship |
| 5:39 | Crear | Fishing Ship |
| 5:42 | Crear | Villager (Male) |
| 5:43 | Crear | Villager (Male) |
| 5:58 | Construir | Mill |
| 6:21 | Crear | Villager (Male) |
| 6:23 | Crear | Fishing Ship |
| 6:28 | Construir | House |
| 6:42 | Construir | House |
| 6:51 | Crear | Villager (Male) |
| 6:59 | Construir | House |
| 7:08 | Crear | Fishing Ship |
| 7:18 | Crear | Fishing Ship |
| 7:37 | Construir | House |
| 7:41 | Crear | Villager (Male) |
| 7:43 | Crear | Villager (Male) |
| 7:52 | Crear | Fishing Ship |
| 8:00 | Crear | Fishing Ship |
| 8:09 | Crear | Villager (Male) |
| 8:26 | Crear | Fishing Ship |
| 8:39 | Construir | House |
| 8:50 | Crear | Fishing Ship |
| 8:56 | Crear | Fishing Ship |
| 9:20 | Investigar | Feudal Age |
| 9:39 | Construir | Mining Camp |
| 10:02 | Construir | House |
| 10:59 | Crear | Fishing Ship |
| 11:04 | Crear | Fishing Ship |
| 11:19 | Crear | Villager (Male) |
| 11:30 | Edad | Edad Feudal |
| 11:37 | Construir | Market |
| 11:42 | Construir | Blacksmith |
| 11:50 | Crear | Galley |
| 11:54 | Crear | Galley |
| 12:01 | Crear | Villager (Male) |
| 12:18 | Crear | Villager (Male) |
| 12:49 | Investigar | Castle Age |
| 13:09 | Construir | Barracks |
| 13:27 | Crear | Galley |
| 13:32 | Crear | Galley |
| 13:56 | Crear | Villager (Male) |
| 13:56 | Crear | Villager (Male) |
| 14:21 | Construir | Mining Camp |
| 14:34 | Crear | Fishing Ship |
| 15:31 | Edad | Edad de los Castillos |
| 15:35 | Crear | Villager (Male) |
| 15:36 | Crear | Monk |
| 15:39 | Crear | Villager (Male) |
| 15:48 | Crear | Galley |
| 16:08 | Crear | Turtle Ship |
| 16:18 | Crear | Fishing Ship |
| 16:37 | Construir | Siege Workshop |
| 16:58 | Investigar | Double-Bit Axe |
| 17:01 | Crear | Fishing Ship |
| 17:17 | Construir | House |
| 17:20 | Investigar | Wheelbarrow |
| 17:26 | Investigar | Tech 906 |
| 17:35 | Crear | Villager (Male) |
| 17:38 | Investigar | Fletching |
| 17:49 | Construir | House |
| 17:51 | Construir | House |
| 17:52 | Construir | House |
| 17:54 | Construir | House |
| 18:09 | Crear | Fishing Ship |
| 18:36 | Construir | Mining Camp |
| 18:49 | Construir | Mining Camp |
| 19:03 | Investigar | War Galley (upgrade) |
| 19:07 | Crear | Villager (Male) |
| 19:07 | Crear | Villager (Male) |
| 19:22 | Construir | Town Center |
| 20:02 | Investigar | Imperial Age |
| 20:09 | Construir | House |
| 20:11 | Construir | House |
| 20:12 | Construir | House |
| 20:14 | Construir | House |
| 20:31 | Construir | University |
| 20:41 | Investigar | Bodkin Arrow |
| 21:18 | Crear | Villager (Male) |
| 21:19 | Crear | Villager (Male) |
| 21:20 | Crear | Villager (Male) |
| 21:42 | Construir | Archery Range |
| 21:47 | Investigar | Ballistics |
| 22:04 | Crear | Villager (Male) |
| 22:11 | Construir | House |
| 22:13 | Construir | House |
| 22:14 | Construir | House |
| 22:49 | Construir | Barracks |
| 22:51 | Construir | Barracks |
| 22:55 | Investigar | Scale Mail Armor |
| 22:57 | Investigar | Forging |
| 23:00 | Crear | Villager (Male) |
| 23:00 | Crear | Villager (Male) |
| 23:12 | Edad | Edad Imperial |
| 23:13 | Investigar | Chemistry |
| 23:13 | Investigar | Chemistry |
| 23:19 | Crear | Villager (Male) |
| 23:20 | Crear | Villager (Male) |
| 23:20 | Crear | Villager (Male) |
| 23:25 | Investigar | Squires |
| 23:31 | Investigar | Elite Skirmisher (upgrade) |
| 23:45 | Crear | Villager (Male) |
| 23:46 | Crear | Villager (Male) |
| 23:49 | Crear | Villager (Male) |
| 24:02 | Construir | House |
| 24:04 | Construir | House |
| 24:06 | Construir | House |
| 24:29 | Investigar | Arson |
| 24:36 | Crear | Skirmisher ×5 |
| 24:51 | Construir | Castle |
| 24:58 | Construir | Barracks |
| 25:13 | Construir | Farm |
| 25:16 | Investigar | Horse Collar |
| 25:18 | Crear | Villager (Male) |
| 25:18 | Crear | Villager (Male) |
| 25:20 | Crear | Villager (Male) |
| 25:20 | Crear | Villager (Male) |
| 25:27 | Construir | Farm |
| 25:28 | Construir | Farm |
| 25:28 | Construir | Farm |
| 25:28 | Construir | Farm |
| 25:29 | Construir | Farm |
| 25:41 | Construir | House |
| 26:05 | Investigar | Conscription |
| 26:08 | Crear | Fire Lancer |
| 26:09 | Crear | Fire Lancer |
| 26:09 | Crear | Fire Lancer |
| 26:10 | Crear | Fire Lancer |
| 26:10 | Crear | Fire Lancer |
| 26:10 | Crear | Fire Lancer |
| 26:11 | Crear | Fire Lancer |
Cronología de la partida
| 0:10 | Thire7 · first_building Dock |
| 0:11 | Psalms18:2 · first_building Dock |
| 0:41 | Enter a Name · first_building Dock |
| 2:11 | Movinup14 · first_building Dock |
| 3:51 | Corvus · first_building Dock |
| 4:53 | Zalmon · first_building Dock |
| 5:24 | 74_phihung · first_building Dock |
| 9:16 | Enter a Name · age_up feudal |
| 11:23 | ChetosF · first_building Barracks |
| 11:30 | Psalms18:2 · age_up feudal |
| 11:33 | Enter a Name · first_market_sell 100 wood |
| 11:36 | Enter a Name · first_market_buy 100 food |
| 11:47 | Thire7 · age_up feudal |
| 12:23 | Movinup14 · age_up feudal |
| 12:38 | 74_phihung · age_up feudal |
| 13:09 | Psalms18:2 · first_building Barracks |
| 13:24 | Zalmon · age_up feudal |
| 13:24 | Movinup14 · first_market_sell 500 wood |
| 13:26 | Movinup14 · first_market_buy 100 food |
| 13:41 | ChetosF · age_up feudal |
| 14:31 | Enter a Name · age_up castle |
| 15:17 | Thire7 · age_up castle |
| 15:31 | Psalms18:2 · age_up castle |
| 15:34 | Corvus · age_up feudal |
| 16:08 | Zalmon · first_building Barracks |
| 16:18 | Movinup14 · age_up castle |
| 16:37 | Psalms18:2 · first_building Siege Workshop |
| 16:59 | Zalmon · first_building Archery Range |
| 17:04 | 74_phihung · age_up castle |
| 17:25 | ChetosF · first_market_buy 100 stone |
| 17:26 | ChetosF · first_market_sell 100 food |
| 17:29 | Corvus · first_building Barracks |
| 17:53 | ChetosF · age_up castle |
| 17:57 | ChetosF · first_building Castle |
| 18:26 | Zalmon · age_up castle |
| 18:46 | Corvus · first_building Archery Range |
| 19:43 | ChetosF · first_building Stable |
| 19:51 | Psalms18:2 · first_market_sell 100 food |
| 21:18 | Movinup14 · tribute_sent a jugador 1 |
| 21:18 | Movinup14 · tribute_sent a jugador 2 |
| 21:18 | Movinup14 · tribute_sent a jugador 3 |
| 21:18 | Movinup14 · tribute_sent a jugador 4 |
| 21:18 | Movinup14 · tribute_sent a jugador 5 |
| 21:18 | Movinup14 · tribute_sent a jugador 7 |
| 21:18 | Movinup14 · tribute_sent a jugador 8 |
| 21:35 | Movinup14 · first_building Barracks |
| 21:37 | Thire7 · first_building Barracks |
| 21:42 | Psalms18:2 · first_building Archery Range |
| 22:20 | Movinup14 · first_building Archery Range |
| 22:21 | Corvus · age_up castle |
| 23:12 | Thire7 · first_building Archery Range |
| 23:12 | Psalms18:2 · age_up imperial |
| 23:51 | Corvus · first_market_buy 100 stone |
| 24:22 | Thire7 · wall_segment Palisade Wall x1 |
| 24:51 | Psalms18:2 · first_building Castle |
| 24:53 | Movinup14 · tribute_sent a jugador 1 |
| 24:53 | Movinup14 · tribute_sent a jugador 2 |
| 24:53 | Movinup14 · tribute_sent a jugador 3 |
| 24:53 | Movinup14 · tribute_sent a jugador 4 |
| 24:53 | Movinup14 · tribute_sent a jugador 5 |
| 24:53 | Movinup14 · tribute_sent a jugador 7 |
| 24:53 | Movinup14 · tribute_sent a jugador 8 |
| 25:23 | Corvus · first_market_sell 100 wood |
| 26:46 | Zalmon · first_building Castle |
| 27:27 | Enter a Name · first_building Barracks |
| 28:15 | Movinup14 · first_building Castle |
| 28:45 | Enter a Name · first_building Stable |
| 29:57 | 74_phihung · first_building Barracks |
| 30:10 | Psalms18:2 · first_market_buy 100 food |
| 30:58 | 74_phihung · first_building Stable |
| 31:17 | Movinup14 · age_up imperial |
| 31:59 | Enter a Name · first_building Castle |
| 32:28 | Zalmon · age_up imperial |
| 32:55 | Corvus · first_building Castle |
| 33:03 | Movinup14 · first_building Siege Workshop |
| 33:50 | 74_phihung · age_up imperial |
| 35:59 | Thire7 · age_up imperial |
| 36:00 | Thire7 · first_building Siege Workshop |
| 36:16 | Thire7 · first_market_sell 500 wood |
| 36:21 | Corvus · first_building Monastery |
| 36:40 | 74_phihung · first_market_sell 500 wood |
| 36:57 | 74_phihung · first_building Castle |
| 38:08 | Thire7 · first_market_buy 100 stone |
| 38:11 | Enter a Name · age_up imperial |
| 38:13 | ChetosF · resign |
| 38:14 | Thire7 · first_building Castle |
| 38:41 | Corvus · age_up imperial |
| 39:38 | Corvus · first_building Siege Workshop |
| 40:29 | Corvus · tribute_sent a jugador 1 |
| 40:29 | Corvus · tribute_sent a jugador 2 |
| 40:29 | Corvus · tribute_sent a jugador 3 |
| 40:29 | Corvus · tribute_sent a jugador 4 |
| 40:29 | Corvus · tribute_sent a jugador 6 |
| 40:29 | Corvus · tribute_sent a jugador 7 |
| 40:29 | Corvus · tribute_sent a jugador 8 |
| 40:58 | Corvus · tribute_sent a jugador 1 |
| 40:58 | Corvus · tribute_sent a jugador 2 |
| 40:58 | Corvus · tribute_sent a jugador 3 |
| 40:58 | Corvus · tribute_sent a jugador 4 |
| 40:58 | Corvus · tribute_sent a jugador 6 |
| 40:58 | Corvus · tribute_sent a jugador 7 |
| 40:58 | Corvus · tribute_sent a jugador 8 |
| 41:25 | Movinup14 · tribute_sent a jugador 1 |
| 41:25 | Movinup14 · tribute_sent a jugador 2 |
| 41:25 | Movinup14 · tribute_sent a jugador 3 |
| 41:25 | Movinup14 · tribute_sent a jugador 4 |
| 41:25 | Movinup14 · tribute_sent a jugador 5 |
| 41:25 | Movinup14 · tribute_sent a jugador 7 |
| 41:25 | Movinup14 · tribute_sent a jugador 8 |
| 41:28 | Thire7 · tribute_sent a jugador 1 |
| 41:28 | Thire7 · tribute_sent a jugador 3 |
| 41:28 | Thire7 · tribute_sent a jugador 4 |
| 41:28 | Thire7 · tribute_sent a jugador 5 |
| 41:28 | Thire7 · tribute_sent a jugador 6 |
| 41:28 | Thire7 · tribute_sent a jugador 7 |
| 41:28 | Thire7 · tribute_sent a jugador 8 |
| 41:30 | Movinup14 · tribute_sent a jugador 1 |
| 41:30 | Movinup14 · tribute_sent a jugador 2 |
| 41:30 | Movinup14 · tribute_sent a jugador 3 |
| 41:30 | Movinup14 · tribute_sent a jugador 4 |
| 41:30 | Movinup14 · tribute_sent a jugador 5 |
| 41:30 | Movinup14 · tribute_sent a jugador 7 |
| 41:30 | Movinup14 · tribute_sent a jugador 8 |
| 42:44 | Psalms18:2 · first_building Monastery |
| 45:34 | Zalmon · first_building Stable |
[ ANÁLISIS IA · 1 CRÉDITO ]
¿Qué pasó realmente en esta partida?
Wolo.gg analiza cada decisión: build order, eco, micro, errores típicos por bracket. Análisis personalizado por WhatsApp o Discord en 30 segundos.
Guía civ
Hunos
Perfil
Zalmon